BLB
NEW ORLEANS VOODOO @ PITTSBURGH MILLERS
03/30/2060
 
TOP OF THE 1ST
New Orleans Voodoo batting - Pitching for Pittsburgh Millers : RHP Drew Henthorne
Pitching: RHP Drew Henthorne
Batting: RHB Lon Leseberg 0-0: Called Strike
0-1: Swinging Strike
0-2: Foul Ball, location: 2F
0-2: Foul Ball, location: 2F
0-2: Ball
1-2: Foul Ball, location: 2F
1-2: Foul Ball, location: 2F
1-2: Fly out, F8 (Line Drive, 78M, EV 91.9 MPH)
Batting: LHB Darrell Petty 0-0: Called Strike
0-1: Ball
1-1: Foul Ball, location: 2F
1-2: Ground out U3 (Groundball, 3, EV 106.2 MPH)
Batting: RHB Jefferson Turner 0-0: Ball
1-0: SINGLE (Groundball, 6S, EV 70.6 MPH) (infield hit)
Batting: RHB Nathan Stiso 0-0: Ball
1-0: Fly out, F6 (Popup, 6, EV 80.6 MPH)
Top of the 1st over - 0 runs, 1 hit, 0 errors, 1 left on base; New Orleans 0 - Pittsburgh 0
BOTTOM OF THE 1ST
Pittsburgh Millers batting - Pitching for New Orleans Voodoo : RHP Lucas Kirchner
Pitching: RHP Lucas Kirchner
Batting: LHB Spencer Murdock 0-0: Swinging Strike
0-1: Foul Ball, location: 2F
0-2: Ball
1-2: Foul Ball, location: 2F
1-2: Foul Ball, location: 2F
1-2: Strikes out looking
Batting: RHB Colton Coffin 0-0: Ball
1-0: Called Strike
1-1: Ball
2-1: Foul Ball, location: 2F
2-2: SINGLE (Line Drive, 7S, EV 97.5 MPH)
Batting: RHB Seth Laskie 0-0: Ball
1-0: Ball
2-0: Called Strike
2-1: Swinging Strike
2-2: Strikes out swinging
Batting: LHB Skye Maury 0-0: Foul Ball, location: 2F
0-1: Foul Ball, location: 2F
0-2: Foul Ball, location: 2F
0-2: Single, Error in OF, E7, batter to second base (Groundball, 56D, EV 103.1 MPH)
Colton Coffin to third
Batting: RHB William Adkins 0-0: Ground out 4-3 (Groundball, 4M, EV 101.2 MPH)
Bottom of the 1st over - 0 runs, 2 hits, 1 error, 2 left on base; New Orleans 0 - Pittsburgh 0
TOP OF THE 2ND
New Orleans Voodoo batting - Pitching for Pittsburgh Millers : RHP Drew Henthorne
Batting: RHB Darrin Cramer 0-0: Swinging Strike
0-1: Ball
1-1: Ball
2-1: DOUBLE (Line Drive, 9LM, EV 100.0 MPH)
Batting: RHB Jeremie Holzschuh 0-0: Foul Ball, location: 2F
0-1: Ball
1-1: Fly out, F7 (Flyball, 7, EV 93.8 MPH)
Batting: RHB James Wilson 0-0: Ball
1-0: Called Strike
1-1: Swinging Strike
1-2: Fly out, F7 (Line Drive, 7, EV 99.4 MPH)
Batting: LHB Samuel Hamblin 0-0: Ball
1-0: Ball
2-0: Ball
3-0: Base on Balls
Batting: RHB D'Angelo James 0-0: Ball
1-0: Fielders Choice at 2nd, 5-4 (Groundball, 56, EV 105.6 MPH)
Top of the 2nd over - 0 runs, 1 hit, 0 errors, 2 left on base; New Orleans 0 - Pittsburgh 0
BOTTOM OF THE 2ND
Pittsburgh Millers batting - Pitching for New Orleans Voodoo : RHP Lucas Kirchner
Batting: RHB Dane Jennings 0-0: Ball
1-0: Called Strike
1-1: Ground out 5-3 (Groundball, 5, EV 86.2 MPH)
Batting: RHB LaMark Canete 0-0: Ground out 5-3 (Groundball, 56S, EV 85.0 MPH)
Batting: RHB Logan Barbee 0-0: Ball
1-0: Foul Ball, location: 2F
1-1: Ball
2-1: SINGLE (Line Drive, 78S, EV 94.4 MPH)
Batting: RHB Jeremy Knowlton 0-0: Called Strike
Logan Barbee is caught stealing 2nd base 2-4
Bottom of the 2nd over - 0 runs, 1 hit, 0 errors, 0 left on base; New Orleans 0 - Pittsburgh 0
TOP OF THE 3RD
New Orleans Voodoo batting - Pitching for Pittsburgh Millers : RHP Drew Henthorne
Batting: RHB Lon Leseberg 0-0: Foul Ball, location: 2F
0-1: Swinging Strike
0-2: Foul Ball, location: 2F
0-2: Ball
1-2: Foul Ball, location: 2F
1-2: Foul Ball, location: 2F
1-2: Ball
2-2: Strikes out looking
Batting: LHB Darrell Petty 0-0: Called Strike
0-1: Called Strike
0-2: Ball
1-2: Strikes out swinging
Batting: RHB Jefferson Turner 0-0: Ball
1-0: Ball
2-0: Ball
3-0: Base on Balls
Batting: RHB Nathan Stiso 0-0: Called Strike
0-1: Ball
Jefferson Turner steals 2nd base
1-1: Ball
2-1: Called Strike
2-2: Ground out 6-3 (Groundball, 6, EV 90.6 MPH)
Top of the 3rd over - 0 runs, 0 hits, 0 errors, 1 left on base; New Orleans 0 - Pittsburgh 0
BOTTOM OF THE 3RD
Pittsburgh Millers batting - Pitching for New Orleans Voodoo : RHP Lucas Kirchner
Batting: RHB Jeremy Knowlton 0-0: Fly out, F7 (Flyball, 78D, EV 97.5 MPH)
Batting: LHB Spencer Murdock 0-0: Called Strike
0-1: Foul Ball, location: 2F
0-2: DOUBLE (Line Drive, 78D, EV 100.6 MPH)
Batting: RHB Colton Coffin 0-0: Foul Ball, location: 2F
0-1: Ball
1-1: Swinging Strike
1-2: Ball
2-2: Strikes out swinging
Batting: RHB Seth Laskie 0-0: Called Strike
0-1: Ball
1-1: Ball
2-1: Ball
3-1: Fly out, F9 (Flyball, 9, EV 90.0 MPH)
Bottom of the 3rd over - 0 runs, 1 hit, 0 errors, 1 left on base; New Orleans 0 - Pittsburgh 0
TOP OF THE 4TH
New Orleans Voodoo batting - Pitching for Pittsburgh Millers : RHP Drew Henthorne
Batting: RHB Darrin Cramer 0-0: Ball
1-0: Ball
2-0: Called Strike
2-1: Ground out 6-3 (Groundball, 6, EV 86.2 MPH)
Batting: RHB Jeremie Holzschuh 0-0: Ball
1-0: Foul Ball, location: 2F
1-1: DOUBLE (Flyball, 8RXD, EV 96.9 MPH)
Batting: RHB James Wilson 0-0: Ball
1-0: SINGLE (Line Drive, 8LS, EV 96.2 MPH)
Jeremie Holzschuh to third
Batting: LHB Samuel Hamblin 0-0: Called Strike
0-1: Ball
1-1: Swinging Strike
1-2: Foul Ball, location: 2F
1-2: Strikes out swinging
Batting: RHB D'Angelo James 0-0: Swinging Strike
0-1: Called Strike
0-2: Fly out, F8 (Flyball, 78M, EV 78.8 MPH)
Top of the 4th over - 0 runs, 2 hits, 0 errors, 2 left on base; New Orleans 0 - Pittsburgh 0
BOTTOM OF THE 4TH
Pittsburgh Millers batting - Pitching for New Orleans Voodoo : RHP Lucas Kirchner
Batting: LHB Skye Maury 0-0: Called Strike
0-1: Ball
1-1: Swinging Strike
1-2: Foul Ball, location: 2F
1-2: Foul Ball, location: 2F
1-2: Foul Ball, location: 2F
1-2: Ground out U3 (Groundball, 34, EV 78.1 MPH)
Batting: RHB William Adkins 0-0: Called Strike
0-1: Fly out, F8 (Flyball, 8LD, EV 91.9 MPH)
Batting: RHB Dane Jennings 0-0: Ball
1-0: DOUBLE (Line Drive, 89D, EV 111.2 MPH)
Batting: RHB LaMark Canete 0-0: Foul Ball, location: 2F
0-1: Ball
1-1: Foul Ball, location: 2F
1-2: Strikes out swinging
Bottom of the 4th over - 0 runs, 1 hit, 0 errors, 1 left on base; New Orleans 0 - Pittsburgh 0
TOP OF THE 5TH
New Orleans Voodoo batting - Pitching for Pittsburgh Millers : RHP Drew Henthorne
Pitching: RHP Shavar Hannan
Now at 2B: William Adkins
Now at SS: Tevin Hawkins
Batting: RHB Lon Leseberg 0-0: Called Strike
0-1: Ground out 6-3 (Groundball, 56, EV 105.6 MPH)
Pinch Hitting: RHB Dez Swanson 0-0: Foul Ball, location: 2F
0-1: Ball
1-1: Foul Ball, location: 2F
1-2: Ball
2-2: Ball
3-2: Strikes out swinging
Batting: RHB Jefferson Turner 0-0: Called Strike
0-1: Called Strike
0-2: Strikes out looking
Top of the 5th over - 0 runs, 0 hits, 0 errors, 0 left on base; New Orleans 0 - Pittsburgh 0
BOTTOM OF THE 5TH
Pittsburgh Millers batting - Pitching for New Orleans Voodoo : RHP Lucas Kirchner
Now at 1B: Dez Swanson
Batting: RHB Logan Barbee 0-0: Ball
1-0: Ball
2-0: Called Strike
2-1: Called Strike
2-2: Ball
3-2: Fly out, F7 (Line Drive, 78M, EV 93.1 MPH)
Batting: RHB Jeremy Knowlton 0-0: Called Strike
0-1: Foul Ball, location: 2F
0-2: Strikes out swinging
Pinch Hitting: RHB Allan Jett 0-0: Ball
1-0: Ball
2-0: Called Strike
2-1: Ball
3-1: Swinging Strike
3-2: Base on Balls
Pitching: RHP Max Sivak
Pinch Hitting: RHB Tracy Wick 0-0: Called Strike
0-1: Called Strike
0-2: Strikes out swinging
Bottom of the 5th over - 0 runs, 0 hits, 0 errors, 1 left on base; New Orleans 0 - Pittsburgh 0
TOP OF THE 6TH
New Orleans Voodoo batting - Pitching for Pittsburgh Millers : RHP Shavar Hannan
Pitching: RHP Greg Elich
Now at 1B: Tracy Wick
Now in LF: Allan Jett
Pinch Hitting: LHB Daryl Walken 0-0: Called Strike
0-1: Swinging Strike
0-2: Strikes out looking
Batting: LHB Tuck Vrsek 0-0: Ball
1-0: Called Strike
1-1: Reached on error, E4 (Groundball, 34D, EV 86.2 MPH)
Batting: RHB Jeremie Holzschuh 0-0: Called Strike
0-1: Ball
1-1: Ball
2-1: Called Strike
2-2: Foul Ball, location: 2F
2-2: Foul Ball, location: 2F
2-2: Strikes out swinging
Pinch Hitting: LHB Jarquez Kafele 0-0: Ball
1-0: Swinging Strike
1-1: Ball
2-1: Foul Ball, location: 2F
2-2: Ground out 4-3 (Groundball, 4, EV 89.4 MPH)
Top of the 6th over - 0 runs, 0 hits, 1 error, 1 left on base; New Orleans 0 - Pittsburgh 0
BOTTOM OF THE 6TH
Pittsburgh Millers batting - Pitching for New Orleans Voodoo : RHP Max Sivak
Now at C: Khaleen Romero
Now at 3B: Jarquez Kafele
Now in RF: Daryl Walken
Pinch Hitting: RHB K.J. Avery 0-0: Called Strike
0-1: Called Strike
0-2: Ball
1-2: Foul Ball, location: 2F
1-2: Ball
2-2: SINGLE (Groundball, 34D, EV 99.4 MPH)
Pinch Hitting: RHB Conner Wilson 0-0: Ball
K.J. Avery steals 2nd base
1-0: Ball
2-0: Ball
3-0: Called Strike
3-1: Base on Balls
Pinch Hitting: RHB Isaac Pack 0-0: Foul Ball, location: 2F
0-1: Hit by Pitch
K.J. Avery to third
Conner Wilson to second
Batting: RHB Tevin Hawkins 0-0: Called Strike
0-1: Ball
1-1: Ball
2-1: Ball
3-1: Foul Ball, location: 2F
3-2: SINGLE (Groundball, 4MD, EV 108.8 MPH)
K.J. Avery scores
Conner Wilson to third
Isaac Pack to second
Batting: LHB Byron Carlton 0-0: Called Strike
0-1: DOUBLE (Line Drive, 5D, EV 103.1 MPH)
Conner Wilson scores
Isaac Pack scores
Tevin Hawkins to third
Batting: RHB Logan Barbee 0-0: Ground out 4-3 (Groundball, 4, EV 105.0 MPH)
Batting: RHB Jeremy Knowlton 0-0: Ball
1-0: Ground out U3 (Groundball, 34, EV 106.9 MPH)
Batting: RHB Allan Jett 0-0: Called Strike
0-1: Ball
1-1: Ball
2-1: Ball
3-1: Base on Balls
Batting: RHB Tracy Wick 0-0: Ball
1-0: Fly out, F8 (Flyball, 8LM, EV 72.5 MPH)
Bottom of the 6th over - 3 runs, 3 hits, 0 errors, 3 left on base; New Orleans 0 - Pittsburgh 3
TOP OF THE 7TH
New Orleans Voodoo batting - Pitching for Pittsburgh Millers : RHP Greg Elich
Now at 1B: Isaac Pack
Now at 2B: Tevin Hawkins
Now at 3B: Tracy Wick
Now at SS: Conner Wilson
Now in CF: K.J. Avery
Pinch Hitting: LHB Johnathan Weeks 0-0: Ball
1-0: Ball
2-0: Foul Ball, location: 2F
2-1: Ball
3-1: Called Strike
3-2: Strikes out swinging
Pinch Hitting: RHB Lucas Anderson 0-0: Called Strike
0-1: SINGLE (Groundball, 3D, EV 103.8 MPH)
Pinch Hitting: SHB Rob French 0-0: Foul Ball, location: 2F
0-1: Foul Ball, location: 2F
0-2: Foul Ball, location: 2F
0-2: Ball
1-2: Ball
2-2: Fly out, F7 (Flyball, 7S, EV 83.8 MPH)
Batting: RHB Dez Swanson 0-0: Called Strike
0-1: Swinging Strike
0-2: Strikes out looking
Top of the 7th over - 0 runs, 1 hit, 0 errors, 1 left on base; New Orleans 0 - Pittsburgh 3
BOTTOM OF THE 7TH
Pittsburgh Millers batting - Pitching for New Orleans Voodoo : RHP Max Sivak
Pitching: LHP Kaleb Shannahan
Now at 2B: Lucas Anderson
Now at SS: Johnathan Weeks
Now in CF: Jordy Wovchanoff
Batting: RHB K.J. Avery 0-0: Ball
1-0: Foul Ball, location: 2F
1-1: Foul Ball, location: 2F
1-2: Strikes out swinging
Batting: RHB Conner Wilson 0-0: Ball
1-0: Called Strike
1-1: Swinging Strike
1-2: Strikes out swinging
Batting: RHB Isaac Pack 0-0: Fly out, F8 (Flyball, 89D, EV 104.4 MPH)
Bottom of the 7th over - 0 runs, 0 hits, 0 errors, 0 left on base; New Orleans 0 - Pittsburgh 3
TOP OF THE 8TH
New Orleans Voodoo batting - Pitching for Pittsburgh Millers : RHP Greg Elich
Pitching: LHP Dakarai Johnson
Pinch Hitting: LHB Isaac Allen 0-0: Called Strike
0-1: Ball
1-1: Swinging Strike
1-2: Foul Ball, location: 2F
1-2: Strikes out swinging
Pitching: LHP Garry Fanalua
Batting: LHB Daryl Walken 0-0: Ball
1-0: Called Strike
1-1: Foul Ball, location: 2F
1-2: Ball
2-2: Fly out, F8 (Line Drive, 8RM, EV 85.0 MPH)
Batting: LHB Tuck Vrsek 0-0: Ball
1-0: Ball
2-0: Called Strike
2-1: SINGLE (Groundball, 4MD, EV 100.0 MPH)
Batting: RHB Khaleen Romero 0-0: Swinging Strike
0-1: Foul Ball, location: 2F
0-2: Strikes out looking
Top of the 8th over - 0 runs, 1 hit, 0 errors, 1 left on base; New Orleans 0 - Pittsburgh 3
BOTTOM OF THE 8TH
Pittsburgh Millers batting - Pitching for New Orleans Voodoo : LHP Kaleb Shannahan
Pitching: RHP Calvin Navratil
Now in LF: Isaac Allen
Batting: RHB Tevin Hawkins 0-0: Ball
1-0: Swinging Strike
1-1: Ball
2-1: Ball
3-1: SINGLE (Groundball, 56D, EV 105.0 MPH)
Pitching: RHP Jonah Gower
Batting: LHB Byron Carlton 0-0: Ball
1-0: Ball
2-0: Called Strike
2-1: Ball
3-1: Base on Balls
Tevin Hawkins to second
Batting: RHB Logan Barbee 0-0: Called Strike
0-1: Ball
1-1: Ball
2-1: Foul Ball, location: 2F
2-2: Ball
3-2: Strikes out looking
Batting: RHB Jeremy Knowlton 0-0: Ball
1-0: Ball
2-0: Called Strike
2-1: Ball
3-1: Base on Balls
Tevin Hawkins to third
Byron Carlton to second
Batting: RHB Allan Jett 0-0: Ball
1-0: SINGLE (Groundball, 6, EV 98.8 MPH) (infield hit)
Tevin Hawkins scores
Byron Carlton to third
Jeremy Knowlton to second
Batting: RHB Tracy Wick 0-0: Ball
1-0: Ball
2-0: Ball
3-0: Called Strike
3-1: Foul Ball, location: 2F
3-2: Foul Ball, location: 2F
3-2: Strikes out swinging
Batting: RHB K.J. Avery 0-0: Called Strike
0-1: Called Strike
0-2: Strikes out swinging
Bottom of the 8th over - 1 run, 2 hits, 0 errors, 3 left on base; New Orleans 0 - Pittsburgh 4
TOP OF THE 9TH
New Orleans Voodoo batting - Pitching for Pittsburgh Millers : LHP Garry Fanalua
Pitching: LHP Phil Cole
Batting: LHB Jarquez Kafele 0-0: Swinging Strike
0-1: Foul Ball, location: 2F
0-2: Foul Ball, location: 2F
0-2: Ball
1-2: Strikes out swinging
Batting: LHB Johnathan Weeks 0-0: Called Strike
0-1: Foul Ball, location: 2F
0-2: Ground out U3 (Groundball, 3S, EV 85.0 MPH)
Batting: RHB Lucas Anderson 0-0: Foul Ball, location: 2F
0-1: Called Strike
0-2: Ball
1-2: Strikes out swinging
Top of the 9th over - 0 runs, 0 hits, 0 errors, 0 left on base; New Orleans 0 - Pittsburgh 4
Wednesday, April 17th , 2024 - OOTP Baseball 23.10 Build 110